 Dungeon Crawl Stone Soup version 0.30.1-11-g7821555f0a (webtiles) character file.

Game seed: 358711693746240257

22 andronian the Ducker (level 2, 0/25 HPs)
             Began as a Merfolk Monk on Nov 27, 2023.
             Slain by a gnoll
             ... wielding a +0 flail
              (11 damage)
             ... on level 2 of the Dungeon.
             The game lasted 00:02:09 (893 turns).

andronian the Ducker (Merfolk Monk)                  Turns: 893, Time: 00:02:10

Health: 0/25       AC:  2    Str: 11    XL:     2   Next: 91%
Magic:  2/2        EV: 14    Int:  9    God:
Gold:   67         SH:  0    Dex: 16    Spells: 1/1 levels left

rFire   . . .        l - +0 spear
rCold   . . .        d - orb {light}
rNeg    . . .        b - +0 robe
rPois   .            (no helmet)
rElec   .            (no cloak)
rCorr   .            (no gloves)
SInv    .            (no boots)
Will    .....        (no amulet)
Stlth   +            (no ring)
HPRegen 0.24/turn    (no ring)
MPRegen 0.08/turn

%: no passive effects
@: confused, lethally poisoned (0 -> -9), ambrosia-drunk, glowing
A: (nimble swimmer 2), mertail
a: no special abilities


You were on level 2 of the Dungeon.
You visited 1 branch of the dungeon, and saw 2 of its levels.

You collected 67 gold pieces.

Inventory:

Hand Weapons
 l - a +0 spear (weapon)
Armour
 b - a +0 robe (worn)
 d - an orb of light (worn)
Scrolls
 g - 2 scrolls of teleportation {unknown}
 i - 3 scrolls of identify {unknown}
 j - a scroll of immolation {unknown}
 m - a scroll of magic mapping {unknown}
Potions
 a - a potion of resistance {unknown}
 e - 3 potions of might {unknown}
 f - a potion of brilliance {unknown}
 k - a potion of flight {unknown}


   Skills:
 * Level 3.7 Fighting
 - Level 3.8 Long Blades
 * Level 1.3 Polearms
 - Level 4.5 Dodging


You had one spell level left.
You didn't know any spells.
Your spell library was empty.

Dungeon Overview and Level Annotations

Branches:
Dungeon (2/15)

Altars:

Shops:
D:1 [((*


Innate Abilities, Weirdness & Mutations

((You are very nimble when in or above water. (Stealth+, EV+, Speed+++)))
Your lower body shifts to a powerful aquatic tail in water.


Message History

No target in view!
You see here a rat corpse.
You open the door.
Found a stone staircase leading down.
There is an open door here.
There is a stone staircase leading down here.
You see here a staff of earth. 3 gnolls come into view.
A gnoll is wielding a +0 spear of venom.
The gnoll shouts! x3
The gnoll moves out of view.
As you read the scroll labelled OSAXZI UZOTIEHEJ, it crumbles to dust.
The scroll dissolves into smoke.
It was a scroll of fog.
Reach: l) +0 spear
Press: ? - help, Dir - move target, f - gnoll
Aim: a gnoll, wielding a +0 flail (purple smoke, haloed, about 17% to evade your +0 spear)
You reach to attack!
You hit the gnoll but do no damage.
Reach: l) +0 spear
Press: ? - help, Dir - move target, f/p - gnoll
Aim: a gnoll, wielding a +0 flail (purple smoke, haloed, about 17% to evade your +0 spear)
You hit the gnoll but do no damage. The gnoll hits you with a +0 flail!
Okay, then.
Okay, then.
The gnoll attacks as you move away! The gnoll hits you with a +0 flail.
Okay, then.
You are confused.
You feel invigorated. The gnoll hits you with a +0 flail!
* * * LOW HITPOINT WARNING * * *
You bump into the rock wall.
The gnoll misses you. The gnoll closely misses you.
You bump into the rock wall.
The gnoll hits you from afar with a +0 spear of venom.
You are lethally poisoned!
The gnoll completely misses you.
You feel very sick.
You hit the gnoll.
The gnoll is lightly wounded.
You feel very sick. The gnoll hits you with a +0 flail!
You die...

#.##.#.#######...#
#.# .# # #...# #.#
.. #...# #.# ###
#.### #.# #.# #.#
#.# #.. #.# #.#
#@# #g# #g# #§#
...gg.g§#
.....§§..
.......##+ ######.
..


You could see 2 gnolls.

Vanquished Creatures
  A dart slug (D:1)
  An endoplasm (D:1)
  2 hobgoblins (D:1)
  2 kobolds
  4 ball pythons (D:1)
  3 bats
  2 frilled lizards (D:1)
  2 goblins
  5 rats
22 creatures vanquished.

Notes
Turn   | Place    | Note
-------+----------+-------------------------------------------
     0 | D:1      | andronian the Merfolk Monk began the quest for the Orb.
     0 | D:1      | Reached XP level 1. HP: 18/18 MP: 1/1
    98 | D:1      | Found Zifos's Antique Weapon Emporium.
   114 | D:1      | Found Jysiyga's Antique Weapon Boutique.
   259 | D:1      | Reached XP level 2. HP: 22/24 MP: 2/2
   457 | D:1      | Found Sofublev's Antique Armour Emporium.
   577 | D:1      | Found Lookkona's General Store.
   587 | D:1      | Reached skill level 1 in Polearms
   893 | D:2      | Slain by a gnoll

Illustrated notes

Levels and vault maps discovered:
D:1:      amcnicky_arrival_double_pillar, layout_loops_cross, serial_shops,
          shop, nicolae_shop_peninsula, nicolae_shop_statue_plus,
          nicolae_shop_behind_doors
D:2:      layout_basic, chequers_serial_rivers_small_b, chequers_garden,
          chequers_serial_rivers_small_b

Skill      XL: |  1  2 |
---------------+-------+-----
Polearms       | 1 |  1.3
Fighting       | |  3.7
Long Blades    | |  3.8
Dodging        | |  4.5

Action                     || total
---------------------------++-------
  Melee: Falchion          ||    25
         Spear             ||    31
    Use: Scroll            ||     1
         Potion            ||     1
 Armour: Robe              ||     8
  Dodge: Dodged            ||    31
